 Dungeon Crawl Stone Soup version 0.19.4-8-ga85b6b9 (webtiles) character file.

53662 Jerry the Severer (level 15, 0/119 (120) HPs)
             Began as a Formicid Abyssal Knight on Feb 9, 2017.
             Was the Champion of Lugonu.
             Killed from afar by Azrael (21 damage)
             ... with a fireball
             ... on level 12 of the Dungeon.
             The game lasted 01:40:25 (27364 turns).

Jerry the Severer (Formicid Abyssal Knight)        Turns: 27364, Time: 01:40:25

HP:   0/119 (120)   AC: 23    Str: 25    XL:     15   Next: 10%
MP:   20/20         EV: 10    Int: 12    God:    Lugonu [******]
Gold: 1082          SH: 21    Dex: 15    Spells: 0 memorised, 14 levels left

rFire  . . .     SeeInvis +     a - +3 hand axe (flame)
rCold  . . .     Gourm    .     N - +1 chain mail {rC+}
rNeg   + + +     Faith    .     k - +2 shield
rPois  +         Spirit   .     (helmet unavailable)
rElec  .         Reflect  +     T - +0 cloak "Golaj" {*Drain rC- rN+++}
rCorr  .         Harm     .     t - +1 pair of gloves
MR     +....                    v - +0 pair of boots
Stlth  ..........               s - +6 amulet of reflection
                                o - +2 ring of strength
                                n - +5 ring of dexterity

@: no status effects
A: permanent stasis, dig shafts and tunnels, four strong arms, antennae 3, beak,
hooves 1, thin metallic scales 1, yellow scales 1, mutation resistance 2, poison
resistance, MP-powered wands, sturdy frame 1
a: Dig, Shaft Self, Depart the Abyss, Bend Space, Banish, Corrupt, Enter the
Abyss, Brand Weapon With Distortion, Renounce Religion


You were on level 12 of the Dungeon.
You worshipped Lugonu.
Lugonu was exalted by your worship.
You were not hungry.

You visited 2 branches of the dungeon, and saw 18 of its levels.
You visited the Abyss 1 time.
You also visited: Ice Cave.

You collected 1608 gold pieces.
You spent 526 gold pieces at shops.

Inventory:

Hand Weapons
 a - a +3 hand axe of flaming (weapon)
Armour
 k - a +2 shield (worn)
 t - a +1 pair of gloves (worn)
 v - a +0 pair of boots (worn)
 z - the +4 scale mail of the Storm King {rCorr}
   (You found it on level 12 of the Dungeon)

   It protects you from acid and corrosion.
 C - +0 fire dragon scales
 J - the +2 ring mail of Falet {rF+ Int+2}
   (You found it on level 7 of the Dungeon)

   It affects your intelligence (+2).
   It protects you from fire.
 N - a +1 chain mail of cold resistance (worn)
 T - the +0 cloak "Golaj" (worn) {*Drain rC- rN+++}
   (You found it on level 4 of the Lair of Beasts)

   It makes you vulnerable to cold.
   It renders you almost immune to negative energy.
   It causes draining when unequipped.
Jewellery
 n - a +5 ring of dexterity (left hand)
 o - a +2 ring of strength (right hand)
 s - a +6 amulet of reflection (around neck)
 w - the amulet of the Air {Inacc +Fly rElec EV+5 RMsl}
   (You found it on level 9 of the Dungeon)

   [amulet of inaccuracy]

   It reduces the accuracy of all your attacks.
   It affects your evasion (+5).
   It insulates you from electricity.
   It lets you fly.
   It protects you from missiles.
Wands
 f - a wand of disintegration (13/24)
 r - a wand of slowing (28/48)
 B - a wand of lightning (9/15)
 E - a wand of enslavement (13/24)
 P - a wand of confusion (22/48)
 S - a wand of lightning (3/15)
 U - a wand of lightning (9/15)
 Z - a wand of acid (10/15)
Scrolls
 b - 7 scrolls of recharging
 g - 9 scrolls of fear
 h - 7 scrolls of identify
 j - 3 scrolls of remove curse
 q - 6 scrolls of immolation
 D - 3 scrolls of amnesia
 K - 2 scrolls of enchant armour
 L - a scroll of magic mapping
 Q - 2 scrolls of enchant weapon
Potions
 e - 3 potions of brilliance
 l - 4 potions of lignification
 x - 2 potions of flight
 A - 5 potions of curing
 F - 2 potions of mutation
 G - 2 potions of invisibility
 I - 2 potions of cancellation
 O - a potion of magic
 Y - a potion of cure mutation
Books
 H - a book of Maledictions

   Spells                             Type                      Level
   a - Corona                         Hexes                        1
   b - Ensorcelled Hibernation        Hexes/Ice                    2
   c - Confuse                        Hexes                        3
   d - Tukima's Dance                 Hexes                        3
   e - Dazzling Spray                 Conjuration/Hexes            3
Miscellaneous
 y - 2 phantom mirrors
Comestibles
 c - 7 bread rations
 d - 14 meat rations
 i - a slice of pizza
 m - 8 fruits
 p - 4 beef jerkies
 u - 3 chunks of flesh
 R - 9 royal jellies


   Skills:
 + Level 12.0 Fighting
 + Level 15.4 Axes
 + Level 12.8 Armour
 - Level 0.8 Dodging
 + Level 11.9 Shields
 - Level 7.7 Invocations


You had 14 spell levels left.
You didn't know any spells.

Dungeon Overview and Level Annotations

Branches:
Dungeon (12/15)            Temple (0/1) D:5            Lair (6/6) D:11
 Shoals (0/4) Lair:3       Spider (0/4) Lair:2          Orc (0/2) D:9
  Slime: Lair:5-6

Altars:
Ashenzari
Cheibriados
Nemelex Xobeh
Okawaru
Trog
Uskayaw
Xom
The Shining One

Shops:
D:5 *   D:8 *   D:9 *   D:11 *

Annotations:
D:8 Naksu's ghost, novice MiFi
D:12 Azrael
Lair:5 exclusion: 3 oklob plants


Innate Abilities, Weirdness & Mutations

You are under a permanent stasis effect.
You can dig through walls and to a lower floor.
Your four strong arms can wield two-handed weapons with a shield.
You have a pair of large antennae on your head. (SInv)
You have a beak for a mouth.
You have large cloven feet.
You are partially covered in thin metallic scales. (AC +2)
You are partially covered in yellow scales. (AC +2)
You are somewhat resistant to both further mutation and mutation removal.
Your system is resistant to poisons. (rPois)
You expend magic power (3 MP) to strengthen your wands.
Your movements are slightly less encumbered by armour. (ER -2)


Message History

Azrael is heavily wounded.
Azrael hits you with a scimitar of flaming.
* * * LOW HITPOINT WARNING * * *
Azrael burns you.
* * * LOW HITPOINT WARNING * * *
You hit Azrael but do no damage. You peck Azrael.
Azrael is heavily wounded.
You hit Azrael but do no damage.
Azrael is heavily wounded.
Azrael hits you with a scimitar of flaming.
* * * LOW HITPOINT WARNING * * *
Azrael burns you.
* * * LOW HITPOINT WARNING * * *
You hit Azrael but do no damage.
Azrael is heavily wounded.
You slash Azrael! You peck Azrael.
Azrael is severely wounded.
Azrael gestures at you.
The fireball explodes!
The fireball engulfs you!
You die...

###...............§§. ##.
..#............K..EE.######...
..'.......{...{......§........
..#...........{.......R.......
..#.........{...>..{.........[
..#............<..............
###.........{.....(..§........
...........###########'##
########...#...)@RK.....#
.......#...(...#####....#
.......#...#...# #....#
.[.....#...#...# #....#
.......#...#...# #....#
.......'...#...#####....#
.......#...#............#
.......#..##............#
.......#..#......###....#


You could see Azrael and a kobold.

Vanquished Creatures
  A fire dragon (Lair:5)
  An ice dragon (Lair:6)
  Harold (Lair:3)
  4 death yaks
  An unseen horror (D:11)
  3 lindwurms (Lair:6)
  A manticore (Lair:3)
  An orb spider (Lair:2)
  8 elephants
  Maurice (D:11)
  Psyche (D:11)
  6 torpor snails (Lair:6)
  4 black mambas
  13 spiny frogs
  A centaur skeleton (D:10)
  7 rime drakes
  8 komodo dragons
  2 trolls (D:12)
  3 polar bears
  A queen bee (D:9)
  3 tyrant leeches (Lair:6)
  9 hornets
  Prince Ribbit (D:9)
  17 dream sheep
  13 blink frogs
  11 hippogriffs
  Sigmund (D:3)
  2 wyverns
  3 fire elementals (D:12)
  31 yaks
  Eustachio (D:5)
  2 fire bats
  2 hungry ghosts
  3 steam dragons (Lair:6)
  5 basilisks
  Menkaure (D:5)
  Edmund (D:5)
  A mottled dragon (Lair:6)
  A soldier ant (D:10)
  9 water moccasins
  11 porcupines
  6 orc warriors
  2 swamp drakes (Lair:6)
  2 black bears
  4 ice beasts
  3 sky beasts
  An eye of draining (D:11)
  18 wolves
  2 phantoms
  9 ogres
  2 necrophages
  5 centaurs
  14 crocodiles
  3 big kobolds
  16 bullfrogs
  2 gnoll sergeants
  2 scorpions
  18 killer bees
  3 electric eels (Lair:3)
  6 howler monkeys
  A crimson imp (D:5)
  A quasit (D:5)
  7 jellies
  8 orc wizards
  10 orc priests
  5 hounds
  Crazy Yiuf (D:5)
  A bullfrog skeleton (D:8)
  11 iguanas
  11 worker ants
  2 hound zombies
  2 hound skeletons
  A howler monkey zombie (D:6)
  2 worker ant zombies
  16 gnolls
  A howler monkey skeleton (D:6)
  12 adders
  5 river rats (D:11)
  5 shadow imps
  2 oozes
  2 adder skeletons
  4 worms
  3 dart slugs
  6 leopard geckos
  55 orcs
  5 bats
  6 giant cockroaches
  7 goblins
  11 hobgoblins
  5 jackals
  8 quokkas
  A ball python (D:5)
  6 frilled lizards
  A giant cockroach zombie (D:6)
  14 kobolds
  2 leopard gecko skeletons
  A leopard gecko zombie (D:6)
  8 rats
  A butterfly (Lair:1)
  2 fungi (Lair:6)
  3 plants
569 creatures vanquished.

Vanquished Creatures (collateral kills)
  2 orcs (D:6)
2 creatures vanquished.

Vanquished Creatures (others)
  A hydra (Lair:5)
  3 hill giants
  A polar bear (IceCv)
  3 yaks (IceCv)
  A porcupine (Lair:5)
  A centaur (D:12)
  A crocodile (Lair:6)
  An orc (D:11)
  11 fungi
  32 plants
55 creatures vanquished.

Grand Total: 626 creatures vanquished

Notes
Turn   | Place    | Note
-------+----------+-------------------------------------------
     0 | Abyss:1  | Jerry the Formicid Abyssal Knight began the quest for the Orb.
     0 | Abyss:1  | Reached XP level 1. HP: 18/18 MP: 2/2
    70 | D:1      | Escaped the Abyss
    84 | D:1      | Reached XP level 2. HP: 24/24 MP: 3/3
   377 | D:1      | Reached XP level 3. HP: 20/29 MP: 4/4
   383 | D:1      | Reached skill level 3 in Axes
   724 | D:1      | Reached ** piety under Lugonu
  1001 | D:2      | Found a faded altar of an unknown god.
  1048 | D:2      | Found a sparkling altar of Nemelex Xobeh.
  1115 | D:2      | Reached XP level 4. HP: 23/35 MP: 5/5
  1964 | D:3      | Reached XP level 5. HP: 42/42 MP: 6/6
  1992 | D:3      | Reached skill level 4 in Axes
  2031 | D:3      | Noticed Sigmund
  2038 | D:3      | Killed Sigmund
  2038 | D:3      | Reached XP level 6. HP: 38/49 MP: 7/7
  2161 | D:3      | Reached skill level 5 in Axes
  2302 | D:3      | Found an iron altar of Okawaru.
  2570 | D:3      | Reached XP level 7. HP: 11/55 MP: 8/8
  2648 | D:2      | HP: 1/55 [gnoll/club (7)]
  3869 | D:3      | Reached skill level 1 in Shields
  3963 | D:3      | Reached skill level 5 in Fighting
  4126 | D:4      | Reached *** piety under Lugonu
  4343 | D:4      | Found a shattered altar of Ashenzari.
  4841 | D:4      | Gained mutation: Your muscles are strong. (Str +2) [potion of beneficial mutation]
  4846 | D:5      | Entered Level 5 of the Dungeon
  4852 | D:5      | Noticed Edmund
  4933 | D:5      | Killed Edmund
  4933 | D:5      | Reached skill level 6 in Axes
  4933 | D:5      | Reached XP level 8. HP: 35/63 MP: 9/9
  5120 | D:5      | Found Ozyoca's Assorted Antiques.
  5130 | D:5      | Found a staircase to the Ecumenical Temple.
  5478 | D:5      | Reached skill level 5 in Armour
  5802 | D:5      | Noticed Menkaure
  5809 | D:5      | Killed Menkaure
  5835 | D:5      | Reached skill level 7 in Axes
  5915 | D:5      | Found a glowing golden altar of the Shining One.
  6042 | D:5      | Noticed Eustachio
  6057 | D:5      | Killed Eustachio
  6084 | D:5      | Reached XP level 9. HP: 63/69 MP: 10/10
  6124 | D:5      | Found a runed door.
  6234 | D:5      | Noticed Crazy Yiuf
  6241 | D:5      | Killed Crazy Yiuf
  6695 | D:6      | Reached **** piety under Lugonu
  6891 | D:6      | Reached skill level 8 in Axes
  6967 | D:6      | Reached skill level 5 in Shields
  6988 | D:6      | Found a snail-covered altar of Cheibriados.
  7673 | D:7      | Found a shimmering altar of Xom.
  8236 | D:7      | Got a smelly ring mail
  8247 | D:7      | Identified the +2 ring mail of Falet {rF+ Int+2} (You found it on level 7 of the Dungeon)
  8410 | D:8      | Noticed Naksu's ghost (novice MiFi)
  8619 | D:8      | Noticed a hornet
  8640 | D:8      | Killed a hornet
  8640 | D:8      | Reached skill level 9 in Axes
  8640 | D:8      | Reached XP level 10. HP: 29/79 MP: 11/11
  8920 | D:8      | Found Meastriot's Assorted Antiques.
  8965 | D:8      | Bought a scroll labeled PAFEYREUWO for 25 gold pieces
  8965 | D:8      | Bought a yellow potion for 22 gold pieces
  8965 | D:8      | Bought a scroll labeled DIWARAJEITA for 25 gold pieces
  8965 | D:8      | Bought a scroll labeled ZADOZEFEOM for 25 gold pieces
  9485 | D:8      | Gained mutation: You have large cloven feet. [mutagenic meat]
  9486 | D:8      | Gained mutation: You regenerate slowly when monsters are visible. [mutagenic meat]
  9487 | D:8      | Lost mutation: You regenerate slowly when monsters are visible. [mutagenic meat]
  9489 | D:8      | Gained mutation: You expend magic power (3 MP) to strengthen your wands. [mutagenic meat]
  9490 | D:8      | Lost mutation: Your muscles are strong. (Str +2) [mutagenic meat]
  9813 | D:9      | Found a bloodstained altar of Trog.
  9995 | D:8      | Reached skill level 10 in Axes
 10137 | D:9      | Reached ***** piety under Lugonu
 10721 | D:9      | Reached XP level 11. HP: 84/85 MP: 13/13
 10785 | D:9      | Found Xughiqij's Elemental Accessories.
 10966 | D:9      | Found a staircase to the Orcish Mines.
 11007 | D:9      | Noticed Prince Ribbit
 11200 | D:9      | Killed Prince Ribbit
 11320 | D:9      | Found a hide-covered altar of Uskayaw.
 11599 | D:10     | Entered Level 10 of the Dungeon
 11857 | D:10     | Reached skill level 11 in Axes
 11857 | D:10     | Reached skill level 5 in Invocations
 12079 | D:10     | Noticed a hill giant
 12080 | D:10     | Banished a hill giant
 12129 | D:10     | Gained mutation: You are covered in fur. (AC +1) [mutagenic meat]
 12130 | D:10     | Gained mutation: Armour fits poorly on your strangely shaped body. [mutagenic meat]
 12131 | D:10     | Gained mutation: Your system is resistant to poisons. (rPois) [mutagenic meat]
 12132 | D:10     | Gained mutation: Your movements are slightly less encumbered by armour. (ER -2) [mutagenic meat]
 12443 | D:11     | Found a frozen archway.
 12815 | IceCv    | Entered an ice cave
 14139 | D:11     | Noticed a hill giant
 14144 | D:11     | Banished a hill giant
 14247 | D:11     | Noticed a hill giant
 14252 | D:11     | Banished a hill giant
 14392 | D:11     | Reached XP level 12. HP: 76/91 MP: 16/16
 14452 | D:11     | Noticed Maurice
 14544 | D:11     | Found Juqibleg's Changing Room.
 14547 | D:11     | Noticed Psyche
 14568 | D:11     | Killed Psyche
 14592 | D:11     | Reached skill level 12 in Axes
 14613 | D:11     | Bought 2 potions of mutation for 65 gold pieces
 14613 | D:11     | Bought a potion of mutation for 32 gold pieces
 14613 | D:11     | Bought 2 mutagenic chunks of flesh for 2 gold pieces
 14613 | D:11     | Bought 4 mutagenic chunks of flesh for 5 gold pieces
 14613 | D:11     | Bought a potion of cure mutation for 325 gold pieces
 14615 | D:11     | Gained mutation: You are clumsy. (Dex -2) [mutagenic meat]
 14617 | D:11     | Lost mutation: You are covered in fur. (AC +1) [mutagenic meat]
 14618 | D:11     | Lost mutation: You are clumsy. (Dex -2) [mutagenic meat]
 14619 | D:11     | Gained mutation: You are partially covered in yellow scales. (AC +2) [mutagenic meat]
 14624 | D:11     | Gained mutation: You have a beak for a mouth. [potion of mutation]
 14624 | D:11     | Gained mutation: You are partially covered in thin metallic scales. (AC +2) [potion of mutation]
 14624 | D:11     | Lost mutation: Armour fits poorly on your strangely shaped body. [potion of mutation]
 14625 | D:11     | Gained mutation: You are somewhat resistant to further mutation. [potion of mutation]
 14633 | D:11     | Found a staircase to the Lair.
 14639 | D:11     | Noticed an unseen horror
 14678 | D:11     | Killed an unseen horror
 14721 | D:11     | Killed Maurice
 14748 | D:11     | Reached ****** piety under Lugonu
 15276 | Lair:1   | Entered Level 1 of the Lair of Beasts
 16550 | Lair:2   | Reached skill level 10 in Armour
 16699 | Lair:2   | Found a hole to the Spider Nest.
 17704 | Lair:3   | Reached skill level 13 in Axes
 17717 | Lair:3   | Found a staircase to the Shoals.
 17886 | Lair:3   | Reached XP level 13. HP: 82/98 MP: 18/18
 18080 | Lair:3   | Noticed Harold
 18110 | Lair:3   | Killed Harold
 19065 | Lair:4   | Got a brightly glowing cloak
 19076 | Lair:4   | Identified the cursed +0 cloak "Golaj" {*Drain rC- rN+++} (You found it on level 4 of the Lair of Beasts)
 20402 | Lair:5   | Reached skill level 14 in Axes
 20679 | Lair:5   | Reached skill level 10 in Fighting
 20700 | Lair:5   | Noticed a five-headed hydra
 20737 | Lair:5   | Banished a five-headed hydra
 21901 | Lair:6   | Entered Level 6 of the Lair of Beasts
 21958 | Lair:5   | Reached XP level 14. HP: 105/110 MP: 19/19
 22031 | Lair:5   | Reached skill level 10 in Shields
 23418 | Lair:6   | Reached skill level 15 in Axes
 26149 | Lair:6   | Found a runed door.
 26598 | Lair:6   | Gained mutation: You are somewhat resistant to both further mutation and mutation removal. [potion of beneficial mutation]
 26703 | Lair:6   | Reached XP level 15. HP: 116/119 MP: 20/20
 27022 | D:12     | Got an ichor-stained scale mail
 27042 | D:12     | Identified the +4 scale mail of the Storm King {rCorr} (You found it on level 12 of the Dungeon)
 27326 | D:12     | Noticed Azrael
 27364 | D:12     | Killed from afar by Azrael

Skill      XL: |  1  2  3  4  5  6  7  8  9 10 11 12 13 14 15 |
---------------+----------------------------------------------+-----
Axes           | 3 4 5 6 7 9 10 11 13 14 15 | 15.4
Fighting       | 4 5 6 7 8 10 11 12 | 12.0
Armour         | 3 4 5 6 8 9 10 11 12 | 12.8
Shields        | 2 4 5 7 9 11 | 11.9
Invocations    | 3 6 7 |  7.7
Dodging        | |  0.8

Action                   |  1- 3 |  4- 6 |  7- 9 | 10-12 | 13-15 || total
-------------------------+-------+-------+-------+-------+-------++-------
Melee: Hand axe          |    84 |   107 |   505 |  1326 |  1289 ||  3311
       Scythe            |       |    20 |       |       |       ||    20
       Quarterstaff      |       |       |    91 |       |       ||    91
       Peck              |       |       |       |   110 |   401 ||   511
Throw: Throwing net      |       |       |     1 |       |     1 ||     2
Invok: Bend Space        |       |       |     1 |       |     3 ||     4
       Banish            |       |       |       |     4 |     4 ||     8
 Abil: Dig               |       |     1 |     5 |     7 |    11 ||    24
Evoke: Wand              |       |       |     4 |     1 |       ||     5
  Use: Scroll            |     2 |     2 |    13 |    12 |     9 ||    38
       Potion            |       |     1 |     1 |     2 |     2 ||     6
 Stab: Sleeping          |     1 |       |       |       |       ||     1
       Confused          |       |       |       |       |     1 ||     1
  Eat: Chunk             |     1 |     4 |    20 |    52 |    34 ||   111
       Beef jerky        |       |       |       |     2 |       ||     2
Armor: Leather armour    |     5 |       |       |       |       ||     5
       Ring mail         |    20 |    36 |    16 |    89 |    16 ||   177
       Scale mail        |       |       |   127 |       |       ||   127
       Chain mail        |       |       |    60 |   144 |   255 ||   459
       Plate armour      |       |       |       |   125 |    19 ||   144
Dodge: Dodged            |    53 |    55 |   192 |   268 |   148 ||   716
Block: Other             |       |    25 |   138 |    31 |       ||   194
       Reflection        |       |       |     2 |    12 |     7 ||    21
       Buckler           |       |       |       |   439 |       ||   439
       Shield            |       |       |       |   112 |   731 ||   843
